 Dungeon Crawl Stone Soup version 0.30-a0-358-g0d69a1922f (webtiles) character file.

Game seed: 4412289243759282849

180 mopl the Chopper (level 5, 21/40 HPs)
             Began as a Demonspawn Gladiator on Nov 10, 2022.
             Quit the game on level 5 of the Dungeon.
             The game lasted 00:03:20 (2111 turns).

mopl the Chopper (Demonspawn Gladiator)             Turns: 2111, Time: 00:03:21

Health: 21/40      AC:  6    Str: 16    XL:     5   Next: 33%
Magic:  5/5        EV: 16    Int: 10    God:
Gold:   128        SH:  0    Dex: 14    Spells: 4/4 levels left

rFire   . . .      SeeInvis +    a - +0 war axe
rCold   . . .      Faith    .    (no shield)
rNeg    . . .      Spirit   .    b - +0 leather armour
rPois   .          Reflect  .    c - +0 helmet
rElec   .          Harm     .    f - +0 cloak
rCorr   .          Rampage  .    (no gloves)
Will    .....                    j - +0 pair of boots
Stlth   +.........               (no amulet)
HPRegen 0.26/turn                i - ring of see invisible
MPRegen 0.09/turn                m - +4 ring of evasion

@: no status effects
A: demonic guardian 1, foul stench 1, weakness stinger 1
a: no special abilities


You were on level 5 of the Dungeon.
You visited 1 branch of the dungeon, and saw 6 of its levels.

You collected 128 gold pieces.

Inventory:

Hand Weapons
 a - a +0 war axe (weapon)
Missiles
 e - a javelin (quivered)
 s - 2 poisoned darts
Armour
 b - a +0 leather armour (worn)
 c - a +0 helmet (worn)
 f - a +0 cloak (worn)
 j - a +0 pair of boots (worn)
Jewellery
 i - a ring of see invisible (left hand)
 k - a ring of ice
 m - a +4 ring of evasion (right hand)
Scrolls
 g - 4 scrolls of enchant armour {unknown}
 h - 4 scrolls of identify {unknown}
 l - 2 scrolls of butterflies {unknown}
 o - a scroll of blinking {unknown}
 p - a scroll of poison {unknown}
 r - a scroll of teleportation {unknown}
Potions
 n - a potion of curing
 q - a potion of attraction {unknown}


   Skills:
 + Level 2.8 Fighting
 * Level 3.9 Axes
 + Level 2.5 Throwing
 + Level 1.7 Armour
 + Level 3.3 Dodging


You had 4 spell levels left.
You didn't know any spells.
Your spell library contained the following spells:

 Spells                   Type           Power      Damage    Failure   Level
 Cigotuvi's Dreadful Rot  Necr/Pois/Air  0%         N/A       56%         2
 Poisonous Vapours        Pois/Air       0%         N/A       56%         2
 Mephitic Cloud           Conj/Pois/Air  0%         N/A       80%         3


Dungeon Overview and Level Annotations

Branches:
Dungeon (6/15)
 Temple: D:4-7

Altars:
Ru
Uskayaw


Innate Abilities, Weirdness & Mutations

A weak demonic guardian rushes to your aid.
You may rarely emit foul miasma when damaged in melee.
You have a small tail.


Message History

The water moccasin bites you but does no damage.
You slash the shadow imp!
You kill the shadow imp!
You miss the water moccasin. The water moccasin barely misses you.
The water moccasin misses you. The water moccasin closely misses you.
You see here 2 throwing nets.
You closely miss the water moccasin.
The water moccasin is lightly wounded.
The water moccasin misses you. The water moccasin bites you.
You emit a cloud of foul miasma!
You hit the water moccasin.
The water moccasin is moderately wounded.
The water moccasin is engulfed in dark miasma.
The water moccasin bites you.
You are poisoned.
The water moccasin poisons you!
You miss the water moccasin.
The water moccasin is moderately wounded.
You feel very sick.
The water moccasin is engulfed in dark miasma.
The water moccasin misses you.
The water moccasin is engulfed in dark miasma.
The water moccasin bites you.
You are lethally poisoned!
The water moccasin poisons you!
You hit the water moccasin.
Your tail-slap misses the water moccasin.
The water moccasin is severely wounded.
* * * LOW HITPOINT WARNING * * *
You feel extremely sick.
The water moccasin is engulfed in dark miasma.
The water moccasin is poisoned.
The water moccasin seems to slow down.
The water moccasin barely misses you.
The water moccasin is engulfed in dark miasma.
You kill the water moccasin!
You have reached level 5!
There is a lethal amount of poison in your body!
There is a lethal amount of poison in your body!
It was a potion of curing.
You feel better.
Are you sure you want to abandon this character and quit the game? (Confirm with "yes".)

## # #####
..#..
#..#...##......
#...>.@.....$#
#.....†..$...#
#............#
#............#
##............
##...#......#
##.....#####
#.....#


There were no monsters in sight!

Vanquished Creatures
  A water moccasin (D:5)
  3 adders (D:2)
  A shadow imp (D:5)
  3 bats (D:1)
  7 endoplasms
  A giant cockroach (D:2)
  7 goblins
  2 hobgoblins
  2 quokkas (D:1)
  4 ball pythons
  3 frilled lizards
  4 kobolds
  4 rats
42 creatures vanquished.

Notes
Turn   | Place    | Note
-------+----------+-------------------------------------------
     0 | D:1      | mopl the Demonspawn Gladiator began the quest for the Orb.
     0 | D:1      | Reached XP level 1. HP: 16/16 MP: 1/1
   401 | D:1      | Gained mutation: You have a small tail. [demonic ancestry]
   401 | D:1      | Reached XP level 2. HP: 22/22 MP: 2/2
   440 | D:1      | Reached skill level 3 in Axes
   816 | D:2      | Reached skill level 2 in Throwing
   972 | D:2      | Gained mutation: You may rarely emit foul miasma when
                  | damaged in melee. [demonic ancestry]
   972 | D:2      | Reached XP level 3. HP: 27/27 MP: 3/3
  1033 | D:2      | Reached skill level 1 in Armour
  1033 | D:2      | Reached skill level 3 in Dodging
  1056 | D:2      | Found a hide-covered altar of Uskayaw.
  1667 | D:3      | Found a sacrificial altar of Ru.
  1763 | D:3      | Gained mutation: A weak demonic guardian rushes to your
                  | aid. [demonic ancestry]
  1763 | D:3      | Reached XP level 4. HP: 34/34 MP: 4/4
  2065 | D:4      | You fall into a shaft and drop 2 floors!
  2089 | D:6      | Noticed a black bear
  2097 | D:5      | Entered Level 5 of the Dungeon
  2098 | D:5      | Noticed a water moccasin
  2109 | D:5      | Killed a water moccasin
  2110 | D:5      | Reached XP level 5. HP: 10/40 MP: 5/5
  2111 | D:5      | Quit the game

Illustrated notes

Levels and vault maps discovered:
D:1:      matt_arrival_grand_opening, layout_loops_cross
D:2:      layout_loops_cross, basic_altar
D:3:      layout_basic, nicolae_ru_the_path_less_chosen
D:4:      layout_cave_pools, dk_vineyard_2, hex_medium, uniq_sigmund
D:5:      layout_rooms, zin_academy, amethyst_killhole
D:6:      layout_basic, mainiacjoe_overflow_chevrons, temple_fountains,
          gammafunk_ghost_necromancy, minmay_misc_feat_ornament

Skill      XL: |  1  2  3 |
---------------+----------+-----
Axes           | 3 |  3.9
Throwing       | 2 |  2.5
Armour         | 1 |  1.7
Dodging        | 3 |  3.3
Fighting       | |  2.8

Action                   |  1- 3 |  4- 6 || total
-------------------------+-------+-------++-------
Melee: War axe           |   101 |     8 ||   109
       Punch             |     2 |       ||     2
       Tailslap          |    12 |       ||    12
Throw: Throwing net      |       |     3 ||     3
  Use: Potion            |       |     1 ||     1
 Stab: Sleeping          |     1 |       ||     1
       Distracted        |     1 |       ||     1
Armor: Leather armour    |    45 |     1 ||    46
Dodge: Dodged            |    83 |     9 ||    92

Table legend: (Time is in decaauts)
 A = Elapsed time spent in this place.
 B = Non-inter-level travel time spent in this place.
 C = Inter-level travel time spent in this place.
 D = Time resting spent in this place.
 E = Time spent auto-exploring this place.
 F = Levels seen in this place.
 G = Mean time per level.
                   A        B        C        D        E       F      G
               +--------+--------+--------+--------+--------+-----+--------+
         Total |   2147 |   2036 |    111 |     44 |   1617 |   6 |  357.8 |
       Dungeon |   2147 |   2036 |    111 |     44 |   1617 |   6 |  357.8 |
               +--------+--------+--------+--------+--------+-----+--------+

Top non-repeatable levels by time:
     D:1: 791 daAuts
     D:2: 724 daAuts
     D:3: 583 daAuts
     D:6: 31 daAuts
     D:5: 15 daAuts
